 Dungeon Crawl Stone Soup version 0.22.1-1-ga44c0e5 (webtiles) character file.

189 sbiou the Covered (level 5, 0/37 HPs)
             Began as a Gnoll Wanderer on Sept 21, 2018.
             Was an Initiate of Nemelex Xobeh.
             Succumbed to an orc wizard's poison
             ... on level 3 of the Dungeon.
             The game lasted 00:13:57 (2047 turns).

sbiou the Covered (Gnoll Wanderer)                  Turns: 2047, Time: 00:13:58

Health: 0/37       AC: 13    Str: 16    XL:     5   Next: 68%
Magic:  12/12      EV:  7    Int: 20    God:    Nemelex Xobeh [......]
Gold:   52         SH:  4    Dex: 13    Spells: 13/14 levels left

rFire    + . .     SeeInvis .   h - +2 dagger (speed)
rCold    x . .     Gourm    .   c - +0 buckler
rNeg     . . .     Faith    .   e - +0 chain mail
rPois    .         Spirit   .   (no helmet)
rElec    .         Reflect  .   (no cloak)
rCorr    .         Harm     .   (no gloves)
MR       .....                  (no boots)
Stlth    ..........             (no amulet)
HPRegen  0.12/turn              g - ring of fire
MPRegen  0.13/turn              (no ring)

@: brilliant, lethally poisoned (0 -> -34), berserk cooldown, slowed, very slow
A: distributed training, fangs 1, talons 1, yellow scales 1, screaming 1, shaggy
fur 1, strong nose
a: Renounce Religion


You were on level 3 of the Dungeon.
You worshipped Nemelex Xobeh.
Nemelex Xobeh was noncommittal.
You were near starving.

You visited 1 branch of the dungeon, and saw 3 of its levels.

You collected 52 gold pieces.

Inventory:

Hand Weapons
 h - a +2 dagger of speed (weapon)
Missiles
 a - 13 sling bullets
 b - 62 stones (quivered)
Armour
 c - a +0 buckler (worn)
 e - a +0 chain mail (worn)
Jewellery
 g - a ring of fire (left hand)
Scrolls
 k - a scroll of magic mapping
 m - a scroll of remove curse {unknown}
Potions
 d - a potion of flight
 i - a potion of brilliance
 l - a potion of curing
 n - 2 potions of berserk rage
 o - a potion of might {unknown}
Comestibles
 f - 3 rations


   Skills:
 + Level 1.5 Fighting
 + Level 1.5 Short Blades
 + Level 1.5 Long Blades
 + Level 1.5 Axes
 + Level 1.5 Maces & Flails
 + Level 1.5 Polearms
 + Level 1.5 Staves
 + Level 1.5 Slings
 + Level 1.5 Bows
 + Level 1.5 Crossbows
 + Level 1.5 Throwing
 + Level 6.7 Armour
 + Level 1.5 Dodging
 + Level 1.5 Stealth
 + Level 3.0 Shields
 + Level 1.5 Unarmed Combat
 + Level 5.2 Spellcasting
 + Level 1.2 Conjurations
 + Level 1.2 Hexes
 + Level 1.2 Charms
 + Level 1.2 Summonings
 + Level 1.2 Necromancy
 + Level 5.5 Translocations
 + Level 1.2 Transmutations
 + Level 1.2 Fire Magic
 + Level 1.2 Ice Magic
 + Level 1.2 Air Magic
 + Level 1.2 Earth Magic
 + Level 1.2 Poison Magic
 + Level 1.7 Invocations
 + Level 3.0 Evocations


You had 13 spell levels left.
You knew the following spells:

 Your Spells              Type           Power        Failure   Level  Hunger
a - Sting                 Conj/Pois      ###.         12%         1    None

Your spell library contained the following spells:

 Spells                   Type           Power        Failure   Level  Hunger
 Blink                    Tloc           N/A          3%          2    None
 Gell's Gravitas          Tloc           #####.....   6%          3    ##.....
 Lesser Beckoning         Tloc           #####.....   6%          3    ##.....
 Teleport Other           Tloc           #####...     6%          3    ##.....
 Shroud of Golubria       Chrm/Tloc      ####......   8%          2    None
 Passage of Golubria      Tloc           N/A          19%         4    ####...
 Ignite Poison            Fire/Tmut/Pois ####....     30%         3    ##.....


Dungeon Overview and Level Annotations

Branches:
Dungeon (3/15)

Altars:
Makhleb
Nemelex Xobeh


Innate Abilities, Weirdness & Mutations

Your experience applies equally to all skills.
You have very sharp teeth.
Your uncanny sense of smell can sniff out nearby items.
You have sharp toenails.
You are partially covered in yellow scales. (AC +2)
You occasionally shout uncontrollably at your foes.
You are covered in fur. (AC +1)


Message History

The puff of flame hits you!
You miss something.
* * * LOW HITPOINT WARNING * * *
You feel sick. The bat hits you but does no damage. x2
Something hits you but does no damage.
You are more poisoned.
The bat hits you but does no damage.
You hit something.
* * * LOW HITPOINT WARNING * * *
You feel sick. The bat hits you but does no damage. The bat barely misses you.
Something completely misses you.
You closely miss something. You claw something.
* * * LOW HITPOINT WARNING * * *
You feel sick.
The bat hits you but does no damage. x3; Something hits you.
* * * LOW HITPOINT WARNING * * *
You are more poisoned.
The bat hits you but does no damage.
You closely miss something. Your bite misses something.
You die...
Your body disappears without a glow.

.# ......>.. ##... 8# ..
..........####..## # .
#.##.$............###
..##.)..............## #
#....................###
........................
....b......###..........
.......b##.# #w.........
#.(@{#.###..........
#..b#(..[.#....<.....
......###..#(#..........
...... ##..))#=.........
..... #.....(..#######.
..... #......(.# ....
#........# ....
#..........
#........(... ∆


You could see 3 bats.

Vanquished Creatures
  An orc priest (D:3)
  Jessica (D:2)
  A worker ant zombie (D:3)
  4 adders (D:2)
  A worm (D:2)
  3 dart slugs
  3 leopard geckos
  3 orcs (D:3)
  A ball python (D:2)
  2 giant cockroaches (D:1)
  7 hobgoblins
  16 jackals
  A quokka (D:2)
  8 bats
  3 frilled lizards
  3 goblins
  6 kobolds
  6 rats
70 creatures vanquished.

Notes
Turn   | Place    | Note
-------+----------+-------------------------------------------
     0 | D:1      | sbiou the Gnoll Wanderer began the quest for the Orb.
     0 | D:1      | sbiou set off with: a +0 buckler, a +0 robe, a +0 club, a
                  | ration
     0 | D:1      | Reached XP level 1. HP: 13/13 MP: 6/6
     2 | D:1      | Learned a level 1 spell: Sting
   130 | D:1      | Reached XP level 2. HP: 10/19 MP: 1/7
   610 | D:1      | Gained mutation: You occasionally shout uncontrollably at
                  | your foes. [mutagenic glow]
   638 | D:1      | Reached XP level 3. HP: 25/25 MP: 2/9
   670 | D:1      | Gained mutation: You do not regenerate when monsters are
                  | visible. [mutagenic glow]
   797 | D:1      | Reached skill level 5 in Spellcasting
  1207 | D:2      | Reached skill level 1 in Invocations
  1261 | D:2      | Reached skill level 1 in Fighting
  1261 | D:2      | Reached skill level 1 in Short Blades
  1261 | D:2      | Reached skill level 1 in Long Blades
  1261 | D:2      | Reached skill level 1 in Axes
  1261 | D:2      | Reached skill level 1 in Maces & Flails
  1261 | D:2      | Reached skill level 1 in Polearms
  1261 | D:2      | Reached skill level 1 in Staves
  1261 | D:2      | Reached skill level 1 in Slings
  1261 | D:2      | Reached skill level 1 in Bows
  1261 | D:2      | Reached skill level 1 in Crossbows
  1261 | D:2      | Reached skill level 1 in Throwing
  1261 | D:2      | Reached skill level 1 in Dodging
  1261 | D:2      | Reached skill level 1 in Stealth
  1261 | D:2      | Reached skill level 1 in Unarmed Combat
  1263 | D:2      | Noticed Jessica
  1266 | D:2      | Lost mutation: You do not regenerate when monsters are
                  | visible. [potion of mutation]
  1266 | D:2      | Gained mutation: You have sharp toenails. [potion of
                  | mutation]
  1266 | D:2      | Gained mutation: You are covered in fur. (AC +1) [potion of
                  | mutation]
  1266 | D:2      | Gained mutation: You are partially covered in yellow
                  | scales. (AC +2) [potion of mutation]
  1277 | D:2      | Killed Jessica
  1277 | D:2      | Reached XP level 4. HP: 32/32 MP: 11/11
  1316 | D:2      | Reached skill level 1 in Conjurations
  1316 | D:2      | Reached skill level 1 in Hexes
  1316 | D:2      | Reached skill level 1 in Charms
  1316 | D:2      | Reached skill level 1 in Summonings
  1316 | D:2      | Reached skill level 1 in Necromancy
  1316 | D:2      | Reached skill level 1 in Transmutations
  1316 | D:2      | Reached skill level 1 in Fire Magic
  1316 | D:2      | Reached skill level 1 in Ice Magic
  1316 | D:2      | Reached skill level 1 in Air Magic
  1316 | D:2      | Reached skill level 1 in Earth Magic
  1316 | D:2      | Reached skill level 1 in Poison Magic
  1365 | D:2      | Found a faded altar of an unknown god.
  1491 | D:2      | Reached XP level 5. HP: 37/37 MP: 12/12
  1614 | D:2      | Found a sparkling altar of Nemelex Xobeh.
  1614 | D:2      | Found a burning altar of Makhleb.
  1622 | D:2      | Became a worshipper of Nemelex Xobeh the Trickster
  1917 | D:3      | Received a gift from Nemelex Xobeh
  1943 | D:3      | Noticed a water moccasin
  2047 | D:3      | Succumbed to an orc wizard's poison

Skill      XL: |  1  2  3  4  5 |
---------------+----------------+-----
Spellcasting   | 5 |  5.2
Invocations    | 1 |  1.7
Fighting       | 1 |  1.5
Short Blades   | 1 |  1.5
Long Blades    | 1 |  1.5
Axes           | 1 |  1.5
Maces & Flails | 1 |  1.5
Polearms       | 1 |  1.5
Staves         | 1 |  1.5
Slings         | 1 |  1.5
Bows           | 1 |  1.5
Crossbows      | 1 |  1.5
Throwing       | 1 |  1.5
Dodging        | 1 |  1.5
Stealth        | 1 |  1.5
Unarmed Combat | 1 |  1.5
Conjurations   | 1 |  1.2
Hexes          | 1 |  1.2
Charms         | 1 |  1.2
Summonings     | 1 |  1.2
Necromancy     | 1 |  1.2
Transmutations | 1 |  1.2
Fire Magic     | 1 |  1.2
Ice Magic      | 1 |  1.2
Air Magic      | 1 |  1.2
Earth Magic    | 1 |  1.2
Poison Magic   | 1 |  1.2
Shields        | 3 |  3.0
Evocations     | 3 |  3.0
Armour         | |  6.7
Translocations | |  5.5

Action                   |  1- 3 |  4- 6 || total
-------------------------+-------+-------++-------
Melee: Club              |    21 |       ||    21
       Bite              |     8 |    16 ||    24
       Dagger            |   102 |   106 ||   208
       Kick              |     1 |    30 ||    31
Throw: Stone             |     5 |     8 ||    13
 Cast: Sting             |    11 |     3 ||    14
  Use: Potion            |     3 |     3 ||     6
       Scroll            |       |     3 ||     3
 Stab: Distracted        |       |     1 ||     1
  Eat: Chunk             |     1 |     1 ||     2
Armor: Robe              |     5 |       ||     5
       Chain mail        |    50 |    66 ||   116
Dodge: Dodged            |    37 |    26 ||    63
Block: Buckler           |    11 |    16 ||    27
